[Event "Titled Tuesday Blitz November 15 Early 2022"]
[White "Ibadov, Dashgyn"]
[Black "Levitan, Caleb Levi"]
[WhiteFideId "24107514"]
[BlackFideId "14332620"]
[WhiteElo "2208"]
[BlackElo "1963"]
[Result "1-0"]
[Round "08"]
[TimeControl "180+1"]
[Date "2022.11.16"]
[WhiteClock "0:00:58"]
[BlackClock "0:00:09"]

1. d4 Nf6 2. c4 e6 3. Nf3 d5 4. Nbd2 dxc4 5. Nxc4 b5 6. Nce5 Bb7 7. g3 Nbd7 8. Nxd7 Qxd7 9. Bg2 c5 10. O-O cxd4 11. Qxd4 Qxd4 12. Nxd4 Bxg2 13. Kxg2 a6 14. a4 Bc5 15. Nb3 Be7 16. axb5 O-O 17. bxa6 Rfb8 18. Nd4 Rb6 19. a7 Bc5 20. Be3 Rxb2 21. Rfb1 Rxb1 22. Rxb1 Rxa7 23. Nc6 Bxe3 24. Rb8+ 1-0


[Site "https://www.chess.com"]

[Event "Titled Tuesday Blitz November 15 Early 2022"]
[White "Ibarra Jerez, Jose Carlos"]
[Black "Bortnyk, Olexandr"]
[WhiteFideId "2226332"]
[BlackFideId "14120828"]
[WhiteElo "2638"]
[BlackElo "2723"]
[Result "0-1"]
[Round "08"]
[TimeControl "180+1"]
[Date "2022.11.15"]
[WhiteClock "0:00:03"]
[BlackClock "0:00:45"]

1. a3 g5 2. e4 Bg7 3. d4 e6 4. c3 b6 5. Bd3 Bb7 6. Ne2 d6 7. Ng3 h6 8. Nh5 Bf8 9. O-O Nf6 10. Nd2 Nbd7 11. a4 a6 12. f4 g4 13. Nxf6+ Nxf6 14. e5 Nd5 15. Ne4 f5 16. exf6 Nxf6 17. Qe2 Qe7 18. Nxf6+ Qxf6 19. Qxg4 O-O-O 20. Qe2 Rg8 21. Bxa6 Bxa6 22. Qxa6+ Kd7 23. Qb5+ c6 24. Qxb6 Rc8 25. a5 Be7 26. Rf2 Qf5 27. a6 Bh4 28. Rd2 Qe4 29. g3 Bxg3 30. hxg3 Qe1+ 0-1


[Site "https://www.chess.com"]

[Event "Titled Tuesday Blitz November 15 Early 2022"]
[White "Injac, Teodora"]
[Black "Ezat, Mohamed"]
[WhiteFideId "932400"]
[BlackFideId "10600906"]
[WhiteElo "2286"]
[BlackElo "2386"]
[Result "1/2-1/2"]
[Round "08"]
[TimeControl "180+1"]
[Date "2022.11.16"]
[WhiteClock "0:00:13"]
[BlackClock "0:00:20"]

1. d4 Nf6 2. Nf3 g6 3. c4 Bg7 4. Nc3 O-O 5. e4 d6 6. Be2 e5 7. O-O Nc6 8. d5 Ne7 9. Bg5 h6 10. Be3 Ng4 11. Bd2 f5 12. exf5 gxf5 13. Nh4 Nf6 14. g3 f4 15. gxf4 Nf5 16. Ng6 Re8 17. fxe5 dxe5 18. Kh1 Kh7 19. Rg1 e4 20. Bf4 Nd7 21. Bg4 Nc5 22. Bxf5 Bxf5 23. Qh5 Qf6 24. Nh4 Bd7 25. Rxg7+ Qxg7 26. Rg1 Qf6 27. Ng6 Qg7 28. Ne5 Qf6 29. Ng6 Qg7 30. Ne5 Qf6 31. Ng6 1/2-1/2


[Site "https://www.chess.com"]

[Event "Titled Tuesday Blitz November 15 Early 2022"]
[White "Janaszak, Dawid"]
[Black "Boros, Denes"]
[WhiteFideId "1119206"]
[BlackFideId "722340"]
[WhiteElo "2226"]
[BlackElo "2464"]
[Result "0-1"]
[Round "08"]
[TimeControl "180+1"]
[Date "2022.11.16"]
[WhiteClock "0:00:16"]
[BlackClock "0:01:43"]

1. e4 g6 2. Nc3 c6 3. h4 h5 4. Bc4 e6 5. d4 d5 6. Bb3 Nf6 7. Bg5 Be7 8. e5 Nfd7 9. Nh3 c5 10. f4 a6 11. dxc5 Nc6 12. Qf3 Nd4 13. Qd3 Nxb3 14. axb3 Nxc5 15. Qf3 Bd7 16. b4 Ne4 17. Nxe4 dxe4 18. Qb3 Bc6 19. Rd1 Qb6 20. Bxe7 Kxe7 21. Kd2 a5 22. bxa5 Rhd8+ 23. Kc1 Qxa5 24. Rxd8 Qa1+ 25. Kd2 Rxd8+ 0-1


[Site "https://www.chess.com"]

[Event "Titled Tuesday Blitz November 15 Early 2022"]
[White "Jaskolka, Tomasz"]
[Black "Piesik, Piotr"]
[WhiteFideId "1170791"]
[BlackFideId "1136194"]
[WhiteElo "2126"]
[BlackElo "2316"]
[Result "0-1"]
[Round "08"]
[TimeControl "180+1"]
[Date "2022.11.16"]
[WhiteClock "0:00:18"]
[BlackClock "0:00:17"]

1. d4 Nf6 2. c4 c5 3. d5 b5 4. cxb5 a6 5. Nc3 axb5 6. e4 b4 7. Nb5 d6 8. Bc4 Ba6 9. Qe2 Qb6 10. a4 Nbd7 11. Bf4 g6 12. Nf3 Ng4 13. e5 O-O-O 14. a5 Qb8 15. Nxd6+ exd6 16. Bxa6+ Kc7 17. O-O Ngxe5 18. Nxe5 Nxe5 19. Rfc1 Bg7 20. Bxe5 Bxe5 21. Rxc5+ dxc5 22. Qxe5+ Kd7 23. Qf6 Qd6 24. Qxf7+ Qe7 25. Bb5+ Kd6 26. Qxe7+ Kxe7 27. Bc6 Kd6 28. a6 c4 29. a7 Ra8 30. Kf1 Rhc8 31. Bxa8 Rxa8 32. Ke2 Kxd5 33. Kd2 Kc5 34. Ke3 b3 35. Kd2 Rd8+ 36. Ke2 Ra8 37. Ra3 Kb4 38. Ke3 c3 39. Ra6 cxb2 40. Rb6+ Kc4 41. Rb8 Rxa7 42. Rc8+ Kb4 43. Rb8+ Ka3 44. Kf4 0-1


[Site "https://www.chess.com"]

[Event "Titled Tuesday Blitz November 15 Early 2022"]
[White "Jobava, Baadur"]
[Black "Kopylov, Alexander A."]
[WhiteFideId "13601520"]
[BlackFideId "4164857"]
[WhiteElo "2582"]
[BlackElo "2436"]
[Result "1-0"]
[Round "08"]
[TimeControl "180+1"]
[Date "2022.11.16"]
[WhiteClock "0:01:42"]
[BlackClock "0:00:10"]

1. b3 b6 2. e4 Bb7 3. Nc3 e5 4. Bb2 Nf6 5. Nf3 d6 6. d4 Nbd7 7. Bd3 Be7 8. O-O O-O 9. Re1 Re8 10. a4 a6 11. d5 c5 12. Nd2 Bf8 13. Nc4 g6 14. Bc1 Nh5 15. g3 Ng7 16. h4 Bc8 17. Bg5 f6 18. Bh6 Ra7 19. Qd2 Nb8 20. Rf1 Rf7 21. Rae1 Nh5 22. Bxf8 Rfxf8 23. Kh2 Kg7 24. Be2 h6 25. Bxh5 gxh5 26. f4 Kh7 27. f5 Qc7 28. Qe2 Bd7 29. Qxh5 b5 30. Qg6+ Kh8 31. Qxh6+ Kg8 32. Qg6+ Kh8 33. axb5 axb5 34. Ne3 Re7 35. Qh6+ Kg8 36. Ng4 Ref7 37. Rf4 exf4 38. gxf4 Qd8 39. Rg1 Rg7 40. Qh5 Be8 41. Nh6+ Kh8 42. Nf7+ Kg8 43. Qh8+ Kxf7 44. Rxg7# 1-0


[Site "https://www.chess.com"]

[Event "Titled Tuesday Blitz November 15 Early 2022"]
[White "Jones, Gawain C B"]
[Black "Mladenovic, Stefan"]
[WhiteFideId "409561"]
[BlackFideId "942227"]
[WhiteElo "2657"]
[BlackElo "2337"]
[Result "1-0"]
[Round "08"]
[TimeControl "180+1"]
[Date "2022.11.15"]
[WhiteClock "0:00:14"]
[BlackClock "0:00:10"]

1. Nf3 Nf6 2. g3 d5 3. Bg2 e6 4. O-O Be7 5. c4 O-O 6. b3 b6 7. Bb2 Bb7 8. cxd5 Nxd5 9. d4 Nd7 10. Nbd2 c5 11. Nc4 Rc8 12. Rc1 N7f6 13. a3 a6 14. Nce5 b5 15. Qd3 cxd4 16. Nxd4 Rxc1 17. Rxc1 Qa8 18. Nec6 Re8 19. e4 Nb6 20. Nxe7+ Rxe7 21. f3 Re8 22. Qe3 Nbd7 23. g4 h6 24. h4 Rc8 25. Bf1 Rxc1 26. Qxc1 Qa7 27. Qe3 Qb6 28. g5 hxg5 29. hxg5 Nh5 30. g6 fxg6 31. Bh3 Nf8 32. Nc2 Qxe3+ 33. Nxe3 Nf4 34. Bf1 Nd7 35. Bd4 Kf7 36. Ng4 g5 37. Kf2 Bc6 38. Ke3 Ng6 39. Kd2 e5 40. Be3 Nf4 41. Kc3 Ke6 42. Kb4 Kd6 43. Ka5 Bb7 44. a4 bxa4 45. bxa4 Nb8 46. Kb6 Bc8 47. Bc5+ Kd7 48. Nxe5+ Ke6 49. Bd4 Nd7+ 50. Nxd7 Bxd7 51. a5 Bc8 52. Bxa6 Bxa6 53. Kxa6 Kd6 54. Kb7 Ne6 55. a6 Nxd4 56. a7 Ne6 57. a8=Q Nc5+ 58. Kb6 Nd7+ 59. Kb5 Ne5 60. Qd5+ 1-0


[Site "https://www.chess.com"]

[Event "Titled Tuesday Blitz November 15 Early 2022"]
[White "Kaidanov, Gregory"]
[Black "Kirillov, Dmitry"]
[WhiteFideId "2008564"]
[BlackFideId "34180572"]
[WhiteElo "2635"]
[BlackElo "2095"]
[Result "0-1"]
[Round "08"]
[TimeControl "180+1"]
[Date "2022.11.16"]
[WhiteClock "0:00:01"]
[BlackClock "0:00:10"]

1. d4 d5 2. c4 e6 3. Nf3 c6 4. g3 dxc4 5. Bg2 b5 6. O-O Bb7 7. b3 cxb3 8. Qxb3 Nd7 9. Nc3 a6 10. a4 b4 11. Ne4 c5 12. Bg5 Ngf6 13. Ne5 Qc8 14. Bxf6 Nxf6 15. Ng5 Bxg2 16. Kxg2 Ra7 17. Rac1 Bd6 18. Ngf3 O-O 19. dxc5 Bxc5 20. Rc4 Rc7 21. Rfc1 Nd5 22. Nd3 Bd6 23. Rxc7 Bxc7 24. e4 Nf6 25. Qc4 Qd7 26. Nxb4 Qxa4 27. Nxa6 Qxc4 28. Rxc4 Bb6 29. Rc6 Ba7 30. Rc7 Bb6 31. Rb7 Ba5 32. Nc5 Rc8 33. Rb5 Bd8 34. e5 Nd5 35. Nd4 g5 36. h3 Bb6 37. Ndb3 Bxc5 38. Rxc5 Rb8 39. Nd4 Rb4 40. Nf5 exf5 41. Rxd5 Kg7 42. Rd6 Re4 43. Rd5 f6 44. exf6+ Kxf6 45. Kf3 Re5 46. Rxe5 Kxe5 47. Ke3 f4+ 48. Kf3 Kf5 49. gxf4 gxf4 0-1


[Site "https://www.chess.com"]

[Event "Titled Tuesday Blitz November 15 Early 2022"]
[White "Kaplan, Avi Harrison"]
[Black "Odegov, Artem"]
[WhiteFideId "30934559"]
[BlackFideId "34183644"]
[WhiteElo "1983"]
[BlackElo "2298"]
[Result "0-1"]
[Round "08"]
[TimeControl "180+1"]
[Date "2022.11.16"]
[WhiteClock "0:00:02"]
[BlackClock "0:00:17"]

1. a3 d5 2. Nf3 c5 3. b4 Nc6 4. b5 Nd4 5. Bb2 Nxf3+ 6. exf3 d4 7. Bc4 Nf6 8. O-O Bf5 9. Re1 e6 10. d3 Bd6 11. Nd2 Qc7 12. h3 h5 13. Ne4 O-O-O 14. a4 Bxe4 15. fxe4 Nd7 16. a5 Ne5 17. b6 axb6 18. axb6 Qxb6 19. Bb3 g5 20. Bc1 f6 21. Bd2 Rde8 22. Ba5 Qb5 23. Ba4 Qxa5 24. Bxe8 Qd8 25. Ra8+ Bb8 26. Ba4 Qd6 27. Qb1 g4 28. h4 Nf3+ 29. Kf1 Nd2+ 30. Ke2 Nxb1 31. Rxb1 g3 32. f3 Qf4 33. Rb6 Qe3+ 34. Kd1 Qg1+ 35. Kd2 Qxg2+ 36. Kc1 Qf1+ 37. Kb2 g2 38. Bc6 bxc6 39. Raxb8+ Kc7 40. R6b7+ Kd6 41. Rxh8 g1=Q 42. e5+ Kxe5 43. Rxh5+ f5 44. f4+ Qxf4 45. Rb3 Qfc1+ 46. Ka2 Qa1# 0-1


[Site "https://www.chess.com"]

[Event "Titled Tuesday Blitz November 15 Early 2022"]
[White "Kiseljova, Marya"]
[Black "Koridze, Lile"]
[WhiteFideId "4155009"]
[BlackFideId "13612514"]
[WhiteElo "1907"]
[BlackElo "2050"]
[Result "0-1"]
[Round "08"]
[TimeControl "180+1"]
[Date "2022.11.16"]
[WhiteClock "0:00:05"]
[BlackClock "0:00:09"]

1. d4 Nf6 2. c4 e6 3. g3 d5 4. Nf3 Bb4+ 5. Nbd2 O-O 6. Bg2 b6 7. cxd5 exd5 8. O-O Bb7 9. Qb3 Bd6 10. Ne5 Nbd7 11. Ndf3 h6 12. Bd2 Re8 13. Nxd7 Qxd7 14. Rfe1 Ne4 15. Bb4 c5 16. dxc5 bxc5 17. Ba5 c4 18. Qc2 Qb5 19. Bc3 Bc5 20. Bd4 Rac8 21. Rad1 Qb6 22. Bxc5 Qxc5 23. Nd4 Rcd8 24. e3 Rd6 25. Qa4 Ra8 26. Re2 Rf6 27. a3 a5 28. Rc2 Bc8 29. Bxe4 dxe4 30. Qxc4 Qh5 31. Qe2 Bg4 32. f3 exf3 33. Qf2 Re8 34. Rdc1 Qe5 35. Rc3 h5 36. h4 Rg6 37. Kh2 Qe4 38. Rf1 Rf6 39. Nb5 Qd5 40. Nd4 Bd7 41. Rfc1 Qe4 42. Rc7 Qg4 43. R1c3 Qh3+ 44. Kg1 Rg6 45. e4 Rxg3+ 46. Qxg3 Qxg3+ 47. Kf1 Bh3# 0-1


[Site "https://www.chess.com"]

[Event "Titled Tuesday Blitz November 15 Early 2022"]
[White "Korelskiy, Egor"]
[Black "Sadubayev, Airat"]
[WhiteFideId "34329064"]
[BlackFideId "13713264"]
[WhiteElo "2043"]
[BlackElo "2160"]
[Result "1-0"]
[Round "08"]
[TimeControl "180+1"]
[Date "2022.11.16"]
[WhiteClock "0:00:06"]
[BlackClock "0:00:42"]

1. e4 c6 2. Nc3 d5 3. Nf3 Bg4 4. h3 Bxf3 5. Qxf3 e6 6. d3 Nd7 7. Bd2 d4 8. Ne2 c5 9. g4 Bd6 10. Qg2 Qb6 11. b3 Ne7 12. f4 Bc7 13. Qf2 Qa6 14. Bg2 Ba5 15. Ng3 Ng6 16. f5 Nge5 17. O-O Bxd2 18. Qxd2 O-O 19. Nh5 Kh8 20. Qg5 Rg8 21. Qd2 Qd6 22. Nf4 b5 23. a4 a6 24. Qf2 c4 25. fxe6 fxe6 26. bxc4 bxc4 27. Qg3 cxd3 28. Ng6+ Nxg6 29. Qxd6 Nde5 30. cxd3 Nxd3 31. Qxd4 Ndf4 32. Kh1 e5 33. Qf2 Rgf8 34. Rad1 Rab8 35. h4 Ne7 36. Qc5 Neg6 37. h5 Nh4 38. Bh3 Rbe8 39. Rd7 Rg8 40. Rxf4 exf4 41. Qg5 Nf3 42. Qxf4 Ne5 43. Rd5 Nc4 44. Rf5 Nb2 45. e5 Nd3 46. Qd4 Rd8 47. Qe3 Nb4 48. e6 Nd5 49. Rxd5 Rxd5 50. e7 Re8 51. Qe6 Rc5 52. Qf7 Rcc8 53. g5 Rb8 54. Bd7 Rg8 55. e8=Q Rbxe8 56. Bxe8 1-0


[Site "https://www.chess.com"]

[Event "Titled Tuesday Blitz November 15 Early 2022"]
[White "Kosteniuk, Alexandra"]
[Black "Kovalev, Vladislav"]
[WhiteFideId "4128125"]
[BlackFideId "13504398"]
[WhiteElo "2469"]
[BlackElo "2556"]
[Result "0-1"]
[Round "08"]
[TimeControl "180+1"]
[Date "2022.11.15"]
[WhiteClock "0:00:09"]
[BlackClock "0:00:02"]

1. e4 e5 2. Nf3 Nc6 3. Bc4 Nf6 4. d3 Bc5 5. a4 d6 6. a5 a6 7. c3 h6 8. O-O Ba7 9. Re1 O-O 10. Be3 Bxe3 11. Rxe3 Ne7 12. d4 Ng6 13. h3 Qe7 14. Nbd2 Re8 15. Qb3 c6 16. Rae1 Nf4 17. Nf1 Be6 18. Bxe6 Nxe6 19. Ng3 g6 20. Qc2 Nf4 21. b4 Kg7 22. Qb2 Rad8 23. c4 exd4 24. Qxd4 Kh7 25. Qb2 Nd7 26. b5 Ne5 27. Nxe5 dxe5 28. bxc6 bxc6 29. Qb6 Qe6 30. Qxa6 Ra8 31. Qb6 Qxc4 32. Qc7 Kg7 33. Ra3 Qc5 34. Rea1 Ra6 35. Qd7 Rea8 36. Nf1 Ne2+ 37. Kh2 Qxf2 38. Rf3 Qg1# 0-1


[Site "https://www.chess.com"]

[Event "Titled Tuesday Blitz November 15 Early 2022"]
[White "Kostiukov, Alexandr"]
[Black "Marcolino, Daniel Mattos"]
[WhiteFideId "14108100"]
[BlackFideId "2106841"]
[WhiteElo "2202"]
[BlackElo "2115"]
[Result "1-0"]
[Round "08"]
[TimeControl "180+1"]
[Date "2022.11.16"]
[WhiteClock "0:01:12"]
[BlackClock "0:00:01"]

1. c4 e6 2. g3 d5 3. Bg2 Nf6 4. Nf3 b6 5. O-O Bb7 6. d4 Be7 7. Nc3 O-O 8. Ne5 c5 9. dxc5 Bxc5 10. cxd5 exd5 11. Bg5 Qd6 12. Nc4 Qe6 13. Bxf6 gxf6 14. Bxd5 Bxd5 15. Qxd5 Qxd5 16. Nxd5 Nc6 17. Nxf6+ Kg7 18. Nd7 Rfd8 19. Nxc5 bxc5 20. Rfd1 Nd4 21. e3 Nc2 22. Rac1 Nb4 23. a3 Nd3 24. Rc3 Nxf2 25. Rxd8 Ne4 1-0


[Site "https://www.chess.com"]

[Event "Titled Tuesday Blitz November 15 Early 2022"]
[White "Kouskoutis, Georgios-Alexandros"]
[Black "Concio, Michael Jr."]
[WhiteFideId "4234049"]
[BlackFideId "5217873"]
[WhiteElo "2187"]
[BlackElo "2236"]
[Result "0-1"]
[Round "08"]
[TimeControl "180+1"]
[Date "2022.11.16"]
[WhiteClock "0:00:01"]
[BlackClock "0:00:53"]

1. Nf3 c5 2. g3 Nf6 3. Bg2 Nc6 4. O-O e5 5. c4 d5 6. cxd5 Nxd5 7. Nc3 Be6 8. d3 Be7 9. Bd2 O-O 10. Nxd5 Bxd5 11. Bc3 f6 12. a4 b6 13. Nd2 Bxg2 14. Kxg2 Qd5+ 15. Kg1 Rab8 16. Qb3 Qxb3 17. Nxb3 Rfd8 18. Nd2 a6 19. b3 Kf7 20. f4 exf4 21. Rxf4 Bd6 22. Rff1 Be5 23. Bxe5 Nxe5 24. a5 b5 25. Rac1 Rbc8 26. Ne4 c4 27. dxc4 bxc4 28. b4 Rb8 29. Rb1 Nc6 30. Rfc1 Rd4 31. Nc5 Rxb4 32. Rxb4 Nxb4 33. e3 Na2 34. Rc2 Rd1+ 35. Kg2 c3 36. Kf3 Rf1+ 37. Ke2 Rh1 38. Kd3 Nb4+ 39. Kxc3 Nxc2 40. Kxc2 Rxh2+ 41. Kb3 Rg2 42. Nxa6 Rxg3 43. Nc5 Rxe3+ 44. Kb4 h5 45. a6 Re8 46. Nb7 Ra8 47. Kb5 h4 48. Nd6+ Kg6 49. Ne4 f5 50. Nf2 Kg5 51. Kb6 Kf4 52. Kb7 Rh8 53. a7 g5 54. Nd3+ Ke3 55. Ne5 h3 56. Nf7 h2 57. Nxh8 h1=Q+ 0-1


[Site "https://www.chess.com"]

[Event "Titled Tuesday Blitz November 15 Early 2022"]
[White "Kryakvin, Dmitry"]
[Black "Valle Maytin, Luis Enrique"]
[WhiteFideId "4153278"]
[BlackFideId "3503666"]
[WhiteElo "2414"]
[BlackElo "2225"]
[Result "1-0"]
[Round "08"]
[TimeControl "180+1"]
[Date "2022.11.16"]
[WhiteClock "0:01:55"]
[BlackClock "0:01:19"]

1. d4 Nf6 2. c4 e6 3. Nf3 d5 4. Bg5 Be7 5. e3 c6 6. Nc3 Nbd7 7. Qc2 h6 8. Bh4 g5 9. Bg3 Nh5 10. Bd3 Nxg3 11. hxg3 Nf6 12. Nxg5 dxc4 13. Bxc4 b5 14. Bd3 b4 15. Nce4 Nd5 16. Nf3 Bd7 17. Ne5 b3 18. Qxb3 Rb8 19. Qd1 Qa5+ 20. Kf1 Rxb2 21. Nc4 Qb5 22. Ncd6+ Bxd6 23. Nxd6+ Ke7 24. Nxb5 cxb5 25. Qc1 Rb4 26. Qc5+ Kf6 27. e4 Rc8 28. exd5 Rxc5 29. dxc5 exd5 1-0


[Site "https://www.chess.com"]

[Event "Titled Tuesday Blitz November 15 Early 2022"]
[White "Langner, Ladislav"]
[Black "Mouhamad, Joachim"]
[WhiteFideId "300403"]
[BlackFideId "656410"]
[WhiteElo "2346"]
[BlackElo "2164"]
[Result "1-0"]
[Round "08"]
[TimeControl "180+1"]
[Date "2022.11.16"]
[WhiteClock "0:00:41"]
[BlackClock "0:00:12"]

1. e4 c5 2. d4 cxd4 3. c3 dxc3 4. Nxc3 Nc6 5. Nf3 d6 6. Bc4 a6 7. O-O Nf6 8. Bg5 Bg4 9. Qb3 e6 10. Qxb7 Rc8 11. Bxa6 Rc7 12. Qb3 Bxf3 13. gxf3 Be7 14. Nb5 Rd7 15. Rac1 Na5 16. Qa4 Qb6 17. Bc8 Nb7 18. Bxd7+ Nxd7 19. Qa8+ Nd8 20. Nc7+ Kf8 21. Be3 Qxb2 22. Qa4 Nf6 23. f4 Qe2 24. Qd1 Qxa2 25. Nb5 Qa6 26. Qb3 g6 27. Ra1 Qb7 28. f3 Kg7 29. Ra7 Qb8 30. Rxe7 Nc6 31. Rc7 Na5 32. Qa4 Nb7 33. Rfc1 Nc5 34. Bxc5 dxc5 35. R1xc5 Ne8 36. Qd4+ Kh6 37. Qxh8 Nxc7 38. Qxb8 1-0


[Site "https://www.chess.com"]

[Event "Titled Tuesday Blitz November 15 Early 2022"]
[White "Lauridsen, Jesper Morch"]
[Black "Garv Gaur"]
[WhiteFideId "1401890"]
[BlackFideId "45030839"]
[WhiteElo "2222"]
[BlackElo "1960"]
[Result "0-1"]
[Round "08"]
[TimeControl "180+1"]
[Date "2022.11.16"]
[WhiteClock "0:00:24"]
[BlackClock "0:00:16"]

1. e4 c6 2. d4 d5 3. Nc3 dxe4 4. f3 exf3 5. Nxf3 Nf6 6. Bd3 c5 7. d5 a6 8. O-O g6 9. Bf4 Bg7 10. Qd2 O-O 11. Bh6 Nxd5 12. Bxg7 Kxg7 13. Nxd5 Qxd5 14. Qc3+ Kg8 15. Rad1 Qh5 16. Be4 Nc6 17. Rd5 Qh6 18. Rxc5 Bd7 19. Bxc6 Bxc6 20. Ne5 Be4 21. Ng4 Qg7 22. Qe3 f5 23. Rc7 fxg4 24. Qxe4 Rxf1+ 25. Kxf1 Qf6+ 26. Ke2 Re8 27. Qxb7 Qe5+ 28. Kd2 Rd8+ 29. Rd7 Qf4+ 30. Kd1 Qf1+ 31. Kd2 Qf2+ 32. Kd1 Qg1+ 33. Kd2 Rxd7+ 34. Qxd7 Qxg2+ 35. Kc3 Qxh2 36. Qxg4 Qe5+ 37. Kb3 Qd5+ 38. c4 Qd3+ 39. Kb4 Qd6+ 40. c5 Qd2+ 41. Ka3 Qa5+ 42. Kb3 Qxc5 43. Qe6+ Kf8 44. a4 Qd6 45. Qc8+ Kg7 46. Qc3+ Qf6 47. a5 Qxc3+ 48. Kxc3 h5 49. b4 h4 50. b5 h3 51. b6 h2 52. b7 h1=Q 53. b8=Q Qc6+ 54. Kd4 Qd6+ 55. Qxd6 exd6 56. Kd5 g5 57. Kc6 g4 58. Kb6 g3 59. Kxa6 g2 60. Kb7 g1=Q 61. a6 Qb1+ 62. Ka8 Qa2 63. a7 d5 64. Kb7 d4 0-1


[Site "https://www.chess.com"]

[Event "Titled Tuesday Blitz November 15 Early 2022"]
[White "Leiva, Gianmarco"]
[Black "Palencia Morales, Wilson Guillermo"]
[WhiteFideId "3804399"]
[BlackFideId "4401859"]
[WhiteElo "2286"]
[BlackElo "2160"]
[Result "1-0"]
[Round "08"]
[TimeControl "180+1"]
[Date "2022.11.16"]
[WhiteClock "0:00:46"]
[BlackClock "0:00:41"]

1. e4 c5 2. Nf3 d6 3. Bb5+ Nd7 4. a4 Nf6 5. Nc3 g6 6. O-O Bg7 7. Re1 O-O 8. d3 a6 9. Bc4 Nb6 10. Bb3 Bg4 11. h3 Bxf3 12. Qxf3 Nbd7 13. Bf4 Nh5 14. Bh2 Ne5 15. Qe2 Nc6 16. Bd5 Nd4 17. Qd2 Qc7 18. Ne2 Nxe2+ 19. Qxe2 e6 20. Bc4 Bxb2 21. Rab1 Bc3 22. Red1 Rab8 23. a5 Bxa5 24. g4 Ng7 25. e5 d5 26. Ba2 b5 27. c4 bxc4 28. dxc4 d4 29. Bf4 Rxb1 30. Bxb1 Rb8 31. Qa2 Bc3 32. Qxa6 Qb6 33. Qxb6 Rxb6 34. Be4 Ra6 35. Kg2 Ra1 36. Rxa1 Bxa1 37. Bc1 Bc3 38. Ba3 Bb4 39. Bxb4 cxb4 40. Kf3 Ne8 41. Ke2 f5 42. Bc2 fxg4 43. hxg4 h5 44. Bxg6 h4 45. Bxe8 h3 46. Kd3 b3 47. Bc6 Kg7 48. c5 h2 49. Be4 Kf7 50. g5 1-0


[Site "https://www.chess.com"]

[Event "Titled Tuesday Blitz November 15 Early 2022"]
[White "Lenderman, Aleksandr"]
[Black "Sharifov, Mekhriddin"]
[WhiteFideId "2021285"]
[BlackFideId "14701545"]
[WhiteElo "2607"]
[BlackElo "2109"]
[Result "0-1"]
[Round "08"]
[TimeControl "180+1"]
[Date "2022.11.15"]
[WhiteClock "0:01:18"]
[BlackClock "0:00:16"]

1. e4 c5 2. d4 cxd4 3. c3 dxc3 4. Nxc3 a6 5. Bc4 d6 6. Nf3 Nc6 7. e5 e6 8. exd6 Bxd6 9. O-O Nf6 10. Qe2 O-O 11. Rd1 Qc7 12. Bg5 Be7 13. Bd3 h6 14. Bh4 b5 15. Rac1 Bb7 16. Ne4 Nd5 17. Bg3 Qb6 18. Nd6 Rfd8 19. Nxb7 Qxb7 20. Be4 Bf6 21. Rd2 Rd7 22. Rcd1 Rad8 23. h4 Na5 24. Bd3 Nb4 25. Bb1 Nc4 26. Rxd7 Rxd7 27. Rxd7 Qxd7 28. b3 Na3 29. Be4 Nd5 30. Qd2 b4 31. Ne5 Bxe5 32. Bxe5 Nb5 33. Qd3 Nbc3 34. Bxc3 bxc3 35. Bxd5 exd5 36. Qxc3 d4 37. Qd3 Qd6 38. g3 Qc5 39. Kg2 Qd5+ 40. Qf3 Qd6 41. Qa8+ Kh7 42. Qe4+ g6 43. Kf1 d3 44. Ke1 d2+ 45. Kd1 Qc5 46. Kxd2 Qxf2+ 47. Qe2 Qxg3 48. Qxa6 Qh2+ 49. Kc3 Qxh4 50. b4 Qg3+ 51. Kb2 h5 52. b5 Qf2+ 53. Ka3 Qe3+ 54. Kb4 Qd4+ 55. Ka5 Qc3+ 56. Kb6 h4 57. Qb7 Qe3+ 58. Ka6 Qa3+ 59. Kb6 Qxa2 60. Qe4 Qe6+ 61. Qxe6 fxe6 62. Ka6 h3 63. b6 h2 64. b7 h1=Q 65. b8=Q Qa1+ 66. Kb7 Qb1+ 67. Kc7 Qxb8+ 68. Kxb8 e5 0-1


[Site "https://www.chess.com"]

[Event "Titled Tuesday Blitz November 15 Early 2022"]
[White "Leve, Nitai"]
[Black "Orlov, Georgi"]
[WhiteFideId "2006898"]
[BlackFideId "2011271"]
[WhiteElo "2144"]
[BlackElo "2539"]
[Result "1-0"]
[Round "08"]
[TimeControl "180+1"]
[Date "2022.11.16"]
[WhiteClock "0:00:19"]
[BlackClock "0:00:04"]

1. e4 c5 2. Nf3 e6 3. d4 cxd4 4. Nxd4 Qb6 5. Nb3 Nc6 6. Nc3 Bb4 7. Be3 Qc7 8. g3 Nf6 9. Bg2 h5 10. O-O a6 11. Na4 h4 12. Nb6 Rb8 13. Nc4 b5 14. Bf4 e5 15. Nxe5 Nxe5 16. Qd4 Bd6 17. Rad1 Nf3+ 18. Bxf3 Bxf4 19. gxf4 Qxf4 20. Rd3 Ng4 21. Bxg4 Qxg4+ 22. Kh1 Bb7 23. Qe5+ Kd8 24. Qxb8+ Ke7 25. Qxb7 Rh6 26. Rfd1 Rg6 27. Qxd7+ Qxd7 28. Rxd7+ Ke6 29. R1d6+ 1-0


[Site "https://www.chess.com"]

[Event "Titled Tuesday Blitz November 15 Early 2022"]
[White "Makhmudov, Shukhrat"]
[Black "Vlassov, Nikolai"]
[WhiteFideId "14200775"]
[BlackFideId "4103360"]
[WhiteElo "2135"]
[BlackElo "2324"]
[Result "0-1"]
[Round "08"]
[TimeControl "180+1"]
[Date "2022.11.16"]
[WhiteClock "0:00:16"]
[BlackClock "0:01:10"]

1. e4 Nc6 2. Nc3 Nf6 3. d4 d5 4. e5 Nd7 5. Nf3 Nb6 6. Ne2 Bg4 7. Nfg1 e6 8. c3 f6 9. f3 Bf5 10. f4 Qd7 11. a4 a6 12. Ng3 Bg6 13. b4 fxe5 14. fxe5 Bxb4 15. cxb4 Nxb4 16. Kf2 O-O+ 17. Nf3 Nc4 18. Bxc4 dxc4 19. Rf1 Bd3 20. Re1 Nc2 21. Ba3 Qxd4+ 0-1


[Site "https://www.chess.com"]

[Event "Titled Tuesday Blitz November 15 Early 2022"]
[White "Makridis, Dimitrios"]
[Black "Abrahamyan, Tatev"]
[WhiteFideId "25864475"]
[BlackFideId "13301918"]
[WhiteElo "2272"]
[BlackElo "2347"]
[Result "1-0"]
[Round "08"]
[TimeControl "180+1"]
[Date "2022.11.16"]
[WhiteClock "0:01:30"]
[BlackClock "0:00:06"]

1. e4 e6 2. Nc3 d5 3. d4 Bb4 4. e5 c5 5. a3 Bxc3+ 6. bxc3 Ne7 7. h4 Nbc6 8. h5 h6 9. Qg4 Nf5 10. Nf3 Qa5 11. Bd2 Bd7 12. Bd3 Rg8 13. dxc5 Qxc5 14. Bxf5 exf5 15. Qf4 O-O-O 16. a4 Be6 17. Nd4 Rde8 18. Nb5 Kb8 19. Be3 Qc4 20. Qxc4 dxc4 21. Bc5 a6 22. Bd6+ Kc8 23. Nc7 Rd8 24. Rb1 Rd7 25. Na8 f6 26. Nb6+ Kd8 27. Nxd7 Kxd7 28. Rxb7+ 1-0


[Site "https://www.chess.com"]

[Event "Titled Tuesday Blitz November 15 Early 2022"]
[White "Manelyuk, Daniil"]
[Black "Yuan, Qingyu"]
[WhiteFideId "44173920"]
[BlackFideId "8609772"]
[WhiteElo "2209"]
[BlackElo "2359"]
[Result "1-0"]
[Round "08"]
[TimeControl "180+1"]
[Date "2022.11.16"]
[WhiteClock "0:00:04"]
[BlackClock "0:00:02"]

1. e4 c6 2. d4 d5 3. e5 c5 4. dxc5 e6 5. a3 Bxc5 6. Nf3 f6 7. c4 Nc6 8. Nc3 fxe5 9. cxd5 exd5 10. Bg5 Nge7 11. Bxe7 Nxe7 12. Bb5+ Bd7 13. Bxd7+ Qxd7 14. Nxe5 Qe6 15. Qa4+ Nc6 16. O-O O-O 17. Nd3 Bb6 18. Nf4 Qg4 19. Ncxd5 Bd4 20. Qb3 Kh8 21. Nd3 Rad8 22. Rae1 a6 23. Ne7 Na5 24. Qe6 Qg5 25. Qe4 Bf6 26. b4 Rd4 27. Qe2 Nc4 28. Nc5 b6 29. Ne6 Qh4 30. Nxd4 Bxd4 31. Nf5 Qg5 32. Nxd4 h6 33. Nf3 Qf6 34. Qxc4 Qxf3 35. gxf3 Rf5 36. Qe4 Rg5+ 37. Qg4 1-0


[Site "https://www.chess.com"]